 Dungeon Crawl Stone Soup version 0.17.0 (webtiles) character file.

123 Eucla the Firebug (level 4, -2/33 HPs)
             Began as a Draconian Fire Elementalist on Nov 10, 2015.
             Slain by an orc
             ... wielding a +0 hand axe
              (9 damage)
             ... on level 3 of the Dungeon.
             The game lasted 00:05:31 (1733 turns).

Eucla the Firebug (Draconian Fire Elementalist)     Turns: 1733, Time: 00:05:31

Health: -2/33      AC:  5    Str: 10    XL:     4   Next: 79%
Magic:  1/8        EV: 12    Int: 17    God:
Gold:   99         SH:  0    Dex: 11    Spells: 2 memorised, 5 levels left

rFire  . . .     SeeInvis .     g - +0 whip (venom)
rCold  . . .     Clarity  .     (armour unavailable)
rNeg   . . .     SustAt   .     (no shield)
rPois  .         Gourm    .     (helmet restricted)
rElec  .         Spirit   .     (no cloak)
rCorr  .         Warding  .     (no gloves)
rMut   .         Stasis   .     (no boots)
MR     .....                    (no amulet)
Stlth  ++........               (no ring)
                                (no ring)

@: very slightly contaminated, not resistant to hostile enchantments, unstealthy
A: unfitting armour, cold-blooded, AC +5
a: no special abilities


You were on level 3 of the Dungeon.
You were not hungry.

You visited 1 branch of the dungeon, and saw 3 of its levels.

You collected 99 gold pieces.

Inventory:

Hand Weapons
 g - a +0 whip of venom (weapon)
 m - a +0 halberd
Armour
 c - a +0 buckler
Magical Staves
 n - an uncursed staff of conjuration
Scrolls
 d - a scroll of identify {unknown}
 e - a scroll of teleportation {unknown}
 k - a scroll of amnesia {unknown}
 o - a scroll of blinking {unknown}
 q - a scroll of fear {unknown}
Potions
 j - a potion of cure mutation {unknown}
 l - a potion of lignification {unknown}
Books
 a - a book of Flames

   Spells                             Type                      Level
   a - Flame Tongue                   Conjuration/Fire             1
   b - Throw Flame                    Conjuration/Fire             2
   c - Conjure Flame                  Conjuration/Fire             3
   d - Inner Flame                    Hexes/Fire                   3
   e - Sticky Flame                   Conjuration/Fire             4
   f - Fireball                       Conjuration/Fire             5
Comestibles
 b - 2 bread rations
 f - 2 royal jellies
 h - 2 slices of pizza
 i - 2 fruits
 p - a chunk of flesh


   Skills:
 - Level 1.7 Dodging
 - Level 1.7 Stealth
 + Level 3.0 Spellcasting
 + Level 3.0 Conjurations
 + Level 4.0 Fire Magic


You had 5 spell levels left.
You knew the following spells:

 Your Spells              Type           Power        Failure   Level  Hunger
a - Flame Tongue          Conj/Fire      ##...        4%          1    None
b - Conjure Flame         Conj/Fire      ##......     14%         3    ###....


Dungeon Overview and Level Annotations

Branches:
Dungeon (3/15)

Altars:


Innate Abilities, Weirdness & Mutations

Your plain brown scales are hard (AC +5).
Your body does not fit into most forms of armour.
You are cold-blooded and may be slowed by cold attacks.


Message History

Wield which item (- for none, * to show all)? (? for menu, Esc to quit)
It begins to drip with poison!
g - a +0 whip of venom (weapon)
The orc misses you. The orc hits you but does no damage.
You hit the orc.
The orc is poisoned.
The orc is moderately wounded.
The orc hits you but does no damage. The orc hits you with a hand axe.
Unknown command.
You hit the orc but do no damage.
The orc looks even sicker.
Your tail-slap misses the orc.
The orc is moderately wounded.
You barely miss the orc. The orc hits you but does no damage.
The orc hits you but does no damage.
Unknown command.
You closely miss the orc. The orc hits you with a hand axe!
* * * LOW HITPOINT WARNING * * *
The orc hits you but does no damage.
Unknown command.
The orc hits you with a hand axe!
You die...

.........#.........#
.........#.........#
.......†.#.........#
#######.#..........#
#.#..###.#####
#.#..###. ##........
##..###..#. #######
##.@## #..#
#......##oo##
#..$.[.#†.##
#........##
####.##.## #.# ..#
..o. .###.


You could see 2 orcs.

Vanquished Creatures
  Natasha (D:3)
  3 gnolls (D:2)
  2 adders (D:3)
  A worm (D:2)
  2 giant geckos (D:2)
  4 bats
  4 giant cockroaches
  8 goblins
  7 hobgoblins
  4 jackals (D:2)
  4 kobolds
  A quokka (D:2)
  A ball python (D:2)
  5 giant newts
  7 rats
54 creatures vanquished.

Notes
Turn   | Place    | Note
--------------------------------------------------------------
     0 | D:1      | Eucla the Draconian Fire Elementalist began the quest for the Orb.
     0 | D:1      | Reached XP level 1. HP: 14/14 MP: 3/3
   499 | D:1      | Reached XP level 2. HP: 20/20 MP: 5/5
   929 | D:2      | Reached XP level 3. HP: 24/26 MP: 0/6
  1018 | D:2      | Learned a level 3 spell: Conjure Flame
  1220 | D:2      | Reached XP level 4. HP: 22/33 MP: 2/8
  1616 | D:3      | Noticed Natasha
  1622 | D:3      | Killed Natasha
  1725 | D:3      | Reached skill level 4 in Fire Magic
  1733 | D:3      | Slain by an orc

Action                   |  1- 3 |  4- 6 || total
-------------------------+-------+-------++-------
Melee: Whip              |    55 |    19 ||    74
 Cast: Flame Tongue      |    31 |    27 ||    58
 Stab: Sleeping          |     3 |     2 ||     5
  Eat: Chunk             |     1 |     2 ||     3
